 Dungeon Crawl Stone Soup version 0.26-a0-1131-g5f66e2dd50 (webtiles) character file.

Game seed: 1147702359507467973

17 Adamkad1 the Skirmisher (level 2, 19/19 HPs)
             Began as a Gargoyle Fighter on Dec 19, 2020.
             Quit the game on level 2 of the Dungeon.
             The game lasted 00:00:35 (709 turns).

Adamkad1 the Skirmisher (Gargoyle Fighter)           Turns: 709, Time: 00:00:35

Health: 19/19      AC:  9    Str: 19    XL:     2   Next: 62%
Magic:  2/2        EV:  7    Int:  8    God:
Gold:   101        SH:  9    Dex:  9    Spells: 1/1 levels left

rFire    . . .     SeeInvis .   a - +0 flail
rCold    . . .     Faith    .   c - +0 kite shield
rNeg     + . .     Spirit   .   b - +0 scale mail
rPois    ∞         Reflect  .   (no helmet)
rElec    +         Harm     .   (no cloak)
rCorr    .         Rampage  .   (no gloves)
Will     .....                  (no boots)
Stlth    ..........             (no amulet)
HPRegen  0.06/turn              (no ring)
MPRegen  0.08/turn              (no ring)

@: no status effects
A: negative energy resistance 1, electricity resistance, unbreathing,
petrification resistance, miasma immunity, AC +2
a: no special abilities


You were on level 2 of the Dungeon.
You visited 1 branch of the dungeon, and saw 2 of its levels.

You collected 101 gold pieces.

Inventory:

Hand Weapons
 a - a +0 flail (weapon)
Armour
 b - a +0 scale mail (worn)
 c - a +0 kite shield (worn)
Scrolls
 e - a scroll of teleportation {unknown}
 g - 2 scrolls of random uselessness {unknown}
Potions
 d - a potion of might
 f - a potion of magic {unknown}
 h - a potion of invisibility {unknown}
 i - a potion of flight {unknown}


   Skills:
 + Level 3.5 Fighting
 + Level 2.3 Maces & Flails
 + Level 3.5 Armour
 + Level 3.5 Shields


You had one spell level left.
You didn't know any spells.
Your spell library was empty.

Dungeon Overview and Level Annotations

Branches:
Dungeon (2/15)

Altars:


Innate Abilities, Weirdness & Mutations

You are resistant to torment.
Your stone body is resilient. (AC +2)
You are immune to poison.
You resist negative energy. (rN+)
You are resistant to electric shocks. (rElec)
You can survive without breathing.
You are immune to petrification.
You are immune to miasma.


Message History

The bat hits you but does no damage.
A bat is nearby!
The bat barely misses you.
A rat comes into view.
You block the bat's attack. The bat barely misses you.
You closely miss the bat. You block the bat's attack.
You hit the bat.
The bat is severely wounded.
The bat hits you but does no damage.
You closely miss the rat. The bat closely misses you.
The rat bites you but does no damage.
You closely miss the rat. You block the bat's attack.
The rat bites you but does no damage. x2
You hit the rat.
You kill the rat!
The bat hits you but does no damage. x2
You sock the bat!
You kill the bat!
No target in view!
Are you sure you want to abandon this character and quit the game? (Confirm with "yes".)

#.#..##.# ..
..####.##.##.# # ..
.![........##.# #.#.
..#######..##.#
#.#.###.# #..##.#
#.... ..# #..##.#
#.... ..# #.###.#
#...†##.# #.....#
#....@..# #.....#
#.......#######.###.#
#...............# #
#....######.#####
#.... ### #.#.# #.#.
# #.


There were no monsters in sight!

Vanquished Creatures
  A leopard gecko (D:1)
  4 hobgoblins (D:1)
  2 bats
  2 frilled lizards (D:2)
  2 goblins (D:1)
  2 kobolds (D:1)
  5 rats
18 creatures vanquished.

Notes
Turn   | Place    | Note
-------+----------+-------------------------------------------
     0 | D:1      | Adamkad1 the Gargoyle Fighter began the quest for the Orb.
     0 | D:1      | Reached XP level 1. HP: 14/14 MP: 1/1
   157 | D:1      | Reached XP level 2. HP: 15/19 MP: 2/2
   709 | D:2      | Quit the game

Illustrated notes

Levels and vault maps discovered:
D:1:      wander_arrival_estate, layout_loops_ring, roderic_st_hans_cross
D:2:      layout_loops_ring, marbit_many_paths, nicolae_ashenzari_panopticon

Action                   || total
-------------------------++-------
Melee: Flail             ||    61
Armor: Scale mail        ||    34
Dodge: Dodged            ||    23
Block: Kite shield       ||    24

Table legend: (Time is in decaauts)
 A = Elapsed time spent in this place.
 B = Non-inter-level travel time spent in this place.
 C = Inter-level travel time spent in this place.
 D = Time resting spent in this place.
 E = Time spent auto-exploring this place.
 F = Levels seen in this place.
 G = Mean time per level.
                   A        B        C        D        E       F      G
               +--------+--------+--------+--------+--------+-----+--------+
         Total |    732 |    728 |      4 |      0 |    585 |   2 |  366.0 |
       Dungeon |    732 |    728 |      4 |      0 |    585 |   2 |  366.0 |
               +--------+--------+--------+--------+--------+-----+--------+

Top non-repeatable levels by time:
     D:1: 669 daAuts
     D:2: 62 daAuts
